 Dungeon Crawl Stone Soup version 0.26.1-16-g4e020e15dc (webtiles) character file.

Game seed: 16909832888691200315

114 BiteMe the Firebug (level 4, 0/34 HPs)
             Began as a Draconian Fire Elementalist on Dec 17, 2023.
             Killed from afar by an orc wizard (4 damage)
             ... with a magic dart
             ... on level 2 of the Dungeon on Dec 21, 2023.
             The game lasted 00:43:26 (3181 turns).

BiteMe the Firebug (Draconian Fire Elementalist)    Turns: 3181, Time: 00:43:27

Health: 0/34       AC:  6    Str: 10    XL:     4   Next: 67%
Magic:  4/8        EV: 16    Int: 17    God:
Gold:   79         SH:  0    Dex: 11    Spells: 1/8 levels left

rFire    . . .     SeeInvis .   l - +1 short sword (venom)
rCold    . . .     Faith    .   (no shield)
rNeg     . . .     Spirit   .   (armour unavailable)
rPois    .         Reflect  .   e - +0 hat
rElec    .         Harm     .   (no cloak)
rCorr    .         Rampage  .   (no gloves)
Will     .....                  o - +0 pair of boots
Stlth    ++........             (no amulet)
HPRegen  0.11/turn              n - +4 ring of evasion
MPRegen  0.11/turn              (no ring)

@: no status effects
A: unfitting armour, cold-blooded, AC +5
a: no special abilities


You were on level 2 of the Dungeon.
You visited 1 branch of the dungeon, and saw 3 of its levels.

You collected 79 gold pieces.

Inventory:

Hand Weapons
 b - a +0 dagger
 f - a +0 short sword
 l - a +1 short sword of venom (weapon)
Missiles
 d - 79 arrows
Armour
 e - a +0 hat (worn)
 o - a +0 pair of boots (worn)
Jewellery
 n - a +4 ring of evasion (left hand)
Scrolls
 a - a scroll of teleportation {unknown}
 c - a scroll of remove curse {unknown}
 g - 3 scrolls of identify {unknown}
 h - a scroll of noise {unknown}
 i - a scroll of random uselessness {unknown}
Potions
 j - a potion of curing {unknown}
 k - a potion of lignification {unknown}
 m - a potion of brilliance {unknown}


   Skills:
 * Level 0.3 Fighting
 - Level 1.0 Short Blades
 + Level 2.2 Dodging
 + Level 2.1 Stealth
 + Level 2.9 Spellcasting
 + Level 1.7 Conjurations
 * Level 3.9 Fire Magic


You had one spell level left.
You knew the following spells:

 Your Spells              Type           Power        Failure   Level
a - Foxfire               Conj/Fire      48%          5%          1
b - Inner Flame           Hex/Fire       9%           24%         3
c - Conjure Flame         Conj/Fire      12%          16%         3

Your spell library contained the following spells:

 Spells                   Type           Power        Failure   Level
 Sticky Flame             Conj/Fire      12%          47%         4
 Fireball                 Conj/Fire      6%           83%         5


Dungeon Overview and Level Annotations

Branches:
Dungeon (3/15)

Altars:

Annotations:
D:1 1 exclusion
D:2 Jessica


Innate Abilities, Weirdness & Mutations

Your plain brown scales are hard. (AC +5)
You cannot fit into any form of body armour.
You are cold-blooded and may be slowed by cold attacks.


Message History

An orc comes into view. It is wielding a +0 mace.
Casting: Foxfire (safe; 5% risk of failure)
Confirm with . or Enter, or press ? or * to list all spells.
The spell is quite dangerous to cast (16% risk of failure)!
Continue anyway?
Uppercase [Y]es or [N]o only, please.
The spell is quite dangerous to cast (16% risk of failure)!
Continue anyway?
The fire begins to smolder!
The orc priest invokes the aid of Beogh against you.
Beogh smites you!
An orc comes into view. It is wielding a +0 club.
The fire ignites!
Your magical contamination has completely faded away.
An orc wizard is nearby!
An orc wizard is nearby!
The orc wizard gestures at you while chanting.
The puff of flame hits you!
* * * LOW HITPOINT WARNING * * *
The orc wizard gestures at you while chanting.
The magic dart hits you.
You die...

# #. #.#............ #...
#.###.#............ #...
######.#.#.#...#...##... ##..)###
.....#...#.#...#...##..# # ......
...................##..# # ....#
####.#.................. # #..#
#.#...#.............# #
#..######.#.........##....... #
#......o....@................
#####..######.#..................
...o........................#....
#####............................
# ##........................>..
#.####.#.#.........#........ #.#
#.#.###..#.#..#........
##.####.#......#.#..#........
#.......#.####.#.............


You could see an orc wizard (fast).

Vanquished Creatures
  An orc priest (D:3)
  An adder (D:2)
  An ooze (D:2)
  2 dart slugs
  A leopard gecko (D:2)
  2 orcs (D:3)
  A ball python (D:1)
  2 giant cockroaches
  8 goblins
  6 hobgoblins
  2 jackals (D:1)
  A quokka (D:3)
  11 bats
  6 frilled lizards
  10 kobolds
  8 rats
63 creatures vanquished.

Vanquished Creatures (others)
  134 foxfires
134 creatures vanquished.

Grand Total: 197 creatures vanquished

Notes
Turn   | Place    | Note
-------+----------+-------------------------------------------
     0 | D:1      | BiteMe the Draconian Fire Elementalist began the quest for
                  | the Orb.
     0 | D:1      | Reached XP level 1. HP: 14/14 MP: 3/3
   312 | D:1      | Reached XP level 2. HP: 20/20 MP: 3/5
   692 | D:1      | Reached XP level 3. HP: 16/26 MP: 4/6
  1339 | D:3      | Found a faded altar of an unknown god.
  1529 | D:3      | Reached skill level 1 in Short Blades
  1529 | D:3      | Reached XP level 4. HP: 25/33 MP: 0/8
  1859 | D:2      | Noticed Jessica
  1881 | D:2      | Learned a level 3 spell: Inner Flame
  1885 | D:2      | Learned a level 3 spell: Conjure Flame
  3181 | D:2      | Killed from afar by an orc wizard

Illustrated notes

Levels and vault maps discovered:
D:1:      amcnicky_arrival_choice, layout_loops_ring
D:2:      layout_basic, grunt_ministairs_6, uniq_jessica
D:3:      layout_loops_ring, chequers_ecumenical_altar_simple_redux,
          serial_undead, serial_undead_c, serial_undead_f, serial_undead_c,
          serial_undead_c

Skill      XL: |  1  2  3  4 |
---------------+-------------+-----
Dodging        | 2 |  2.2
Short Blades   | 1 |  1.0
Stealth        | 2 |  2.1
Fighting       | |  0.3
Spellcasting   | |  2.9
Conjurations   | |  1.7
Fire Magic     | |  3.9

Action                   |  1- 3 |  4- 6 || total
-------------------------+-------+-------++-------
Melee: Dagger            |     5 |       ||     5
       Unarmed           |     1 |       ||     1
       Short sword       |    25 |     6 ||    31
       Tailslap          |     2 |       ||     2
 Cast: Foxfire           |    51 |    32 ||    83
       Conjure Flame     |       |     1 ||     1
  Use: Potion            |     1 |       ||     1
 Stab: Sleeping          |     1 |       ||     1
Armor: Skin              |    24 |     3 ||    27
Dodge: Dodged            |    38 |    15 ||    53
